 Dungeon Crawl Stone Soup version 0.25-a0-547-g27a0b5d1ef (webtiles) character file.

Game seed: 15738973068627837931, levelgen mode: classic

352524 EnegeticOcto the Champion of Chaos (level 20, -1/139 HPs)
             Began as a Deep Dwarf Fighter on Feb 21, 2020.
             Was the Champion of Makhleb.
             Slain by a war gargoyle
             ... wielding a +2 dire flail of protection
             ... summoned by a gelid corrupter
              (3 damage)
             ... on level 10 of the Dungeon.
             The game lasted 00:25:36 (19869 turns).

EnegeticOcto the Champion of Chaos (DDFi)          Turns: 19869, Time: 00:25:37

Health: -1/139     AC: 19    Str: 25 (26) XL:     20   Next: 96%
Magic:  0/0        EV: 15    Int:  3 (6)  God:    Makhleb [******]
Gold:   2604       SH: 24    Dex: 11 (12) Spells: 19/19 levels left

rFire    + + .     SeeInvis .   a - +5 broad axe (vorpal)
rCold    + . .     Gourm    .   I - +2 tower shield {rPois}
rNeg     + . .     Faith    +   o - +3 gold dragon scales
rPois    +         Spirit   .   (helmet restricted)
rElec    +         Reflect  .   B - scarf {rC+ rF+}
rCorr    .         Harm     .   H - +1 pair of gloves
MR       +++++     Rnd*Rage +   (no boots)
Stlth    ..........             R - amulet "Maorchy" {Faith MR++ Str+2}
HPRegen  0.00/turn              Y - ring of Beogh's Whim {Wiz rElec rC- Dex+4}
MPRegen  0.07/turn              W - ring of Phasing {EV+8, =R}

@: non-regenerating
A: damage resistance, heal wounds, antennae 1, berserk 1, blurry vision 1,
clumsy 1[+1], [deformed body], [deterioration 2], [dopey 2], frail 1[+2], [low
mp 2], negative energy resistance 1, sense surroundings 3, [screaming 3], [weak
2], [no potion heal 2], subdued magic 1[+2], no regeneration
0: Orb of Zot
}: 3/15 runes: decaying, slimy, gossamer
a: Heal Wounds, Minor Destruction, Lesser Servant of Makhleb, Major Destruction,
Greater Servant of Makhleb, Renounce Religion


You were on level 10 of the Dungeon.
You worshipped Makhleb.
Makhleb was exalted by your worship.
You were full.

You visited 8 branches of the dungeon, and saw 45 of its levels.
You visited 1 bazaar.
You also visited: Gauntlet and Ice Cave.

You collected 3131 gold pieces.
You spent 527 gold pieces at shops.

Inventory:

Hand Weapons
 a - a +5 vorpal broad axe (weapon)
 q - a +3 war axe of flaming
 M - the +14 obsidian axe {vorpal, +Fly SInv *Curse}
   (You found it on level 5 of the Pits of Slime)

   It inflicts extra damage upon your enemies.
   It lets you see invisible.
   It lets you fly.
   It curses itself when equipped.
Armour
 l - a +4 chain mail of poison resistance
 o - +3 gold dragon scales (worn)
 w - the +1 helmet of Tenacity {rC++ MR- SInv}
   (You found it on level 5 of the Dungeon)

   It greatly protects you from cold.
   It affects your resistance to hostile enchantments.
   It lets you see invisible.
   If you switch to wearing this armour, your AC will increase by 3 (19 -> 22).
 B - a scarf of resistance (worn)
 H - a +1 pair of gloves (worn)
 I - a +2 tower shield of poison resistance (worn)
Jewellery
 A - an uncursed ring of resist corrosion
 R - the amulet "Maorchy" (around neck) {Faith MR++ Str+2}
   (You found it on level 5 of the Pits of Slime)

   [amulet of faith]

   It allows you to gain divine favour quickly.
   It affects your strength (+2).
   It affects your resistance to hostile enchantments.
 S - an uncursed ring of protection from fire
 W - the ring of Phasing (right hand) {EV+8, =R}
   (You found it in an ice cave)

   [ring of evasion]

   It affects your evasion (+8).
 X - an uncursed ring of protection from fire
 Y - the ring of Beogh's Whim (left hand) {Wiz rElec rC- Dex+4}
   (You found it in an ice cave)

   [ring of wizardry]

   It improves your spell success rate.
   It affects your dexterity (+4).
   It makes you vulnerable to cold.
   It insulates you from electricity.
Wands
 p - a wand of iceblast (6)
 s - a wand of acid (59) {@v1}
 u - a wand of flame (89)
 v - a wand of paralysis (10)
 D - a wand of polymorph (18)
 J - a wand of scattershot (6)
 P - a wand of disintegration (25)
Scrolls
 b - 3 scrolls of silence
 c - 3 scrolls of amnesia
 f - 8 scrolls of immolation {@r4}
 g - a scroll of blinking {@r3}
 r - a scroll of enchant weapon
 x - 3 scrolls of magic mapping {@r5}
 y - 6 scrolls of remove curse {@r6}
 C - 6 scrolls of teleportation {@r2}
 G - 6 scrolls of identify {@r1}
 L - 5 scrolls of fear
 N - 4 scrolls of fog
Potions
 d - 2 potions of lignification {@q7}
 h - 5 potions of flight
 i - 8 potions of magic
 j - a potion of stabbing {@q5}
 k - 2 potions of might {@q3}
 m - a potion of resistance {@q6}
 n - a potion of haste {@q4}
 t - 8 potions of curing {@q1}
 z - 9 potions of degeneration
 E - a potion of ambrosia
 F - 5 potions of brilliance
 K - 5 potions of mutation
 O - a potion of heal wounds {@q2}
Miscellaneous
 Q - a lamp of fire
Comestibles
 e - 50 rations


   Skills:
 * Level 16.7 Fighting
 * Level 19.3 Axes
 + Level 14.6 Armour
 - Level 7.8 Dodging
 * Level 18.1 Shields
 * Level 21.6 Invocations


You had 19 spell levels left.
You didn't know any spells.
Your spell library was empty.

Dungeon Overview and Level Annotations

Branches:
Dungeon (15/15)            Temple (1/1) D:7            Lair (6/6) D:8
  Swamp (4/4) Lair:4       Spider (4/4) Lair:3        Slime (5/5) Lair:5
    Orc (0/2) D:10         Vaults (0/5) D:13         Depths (5/5) D:15
    Zot (5/5) Depths:5      IceCv (visited)         Gauntlet (visited)

Altars:
Cheibriados
Dithmenos
Fedhas
Gozag
Hepliaklqana
Makhleb
Okawaru
Ru
Sif Muna
Trog
Uskayaw
Vehumet
Wu Jian
Xom
Yredelemnul
The Shining One
Beogh
Jiyva

Shops:
D:6 (   D:7 [   D:10 [   D:15 [   Depths:1 *

Portals:
Hell: Depths:5
Trove: Depths:5 (give +2 shadow dragon scales)

Annotations:
D:10 3 runed translucent doors, Olaograe's ghost, novice GnWn
Lair:5 exclusion: oklob plant
Zot:5 exclusion: obsidian statue


Innate Abilities, Weirdness & Mutations

You are resistant to damage.
You can heal yourself by infusing magical energy.
You resist negative energy. (rN+)
You passively map a large area around you.
You do not regenerate.
You have a pair of small antennae on your head.
You tend to lose your temper in combat.
Scrolls take you a little longer to read.
[You are very clumsy. (Dex -4)]
[Armour fits poorly on your strangely shaped body.]
[Your body often deteriorates upon taking damage.]
[You are very dopey. (Int -4)]
[You are extremely frail. (-30% HP)]
[Your magical capacity is very low. (-20% MP)]
[You frequently scream uncontrollably at your foes.]
[You are very weak. (Str -4)]
[Potions are poor at restoring your health.]
[Your spells are much easier to cast, but much less powerful.]


Message History

The wretched star pulses with an eldritch light!
You feel stupid. x2; You feel a strong urge to scream.
You slash the tormentor!
The tormentor is almost dead.
You hit the war gargoyle but do no damage.
You slice the cacodemon!! You slash the cacodemon!
You hit the gelid corrupter but do no damage.
You block the tormentor's attack. x2; You block the cacodemon's attack.
The cacodemon barely misses you.
The war gargoyle hits you with a +0 morningstar.
The cacodemon hits you but does no damage.
The cacodemon hits you.
The gelid corrupter hits you with a +0 dire flail.
The hellephant blinks!
You hit the tormentor.
The tormentor is almost dead.
You slash the gelid corrupter! You slice the cacodemon!!
You slash the cacodemon! You hit the war gargoyle.
The wretched star pulses with an eldritch light!
You feel less energetic. x2
The tormentor calls on the powers of darkness!
Your body is wracked with pain!
A chorus of shrieks assaults your mind.
A starcursed mass splits.
You block the war gargoyle's attack. You block the cacodemon's attack.
The cacodemon hits you but does no damage.
You are too injured to fight recklessly!
You are too injured to fight recklessly!
You are too injured to fight recklessly!
You don't have enough innate magic capacity.
Your system partially rejects the healing.
You feel much better. You block the cacodemon's attack. x2
The tormentor calls on the powers of darkness!
Your body is wracked with pain!
* * * LOW HITPOINT WARNING * * *
You block the gelid corrupter's attack. You block the war gargoyle's attack.
The cacodemon hits you but does no damage.
The cacodemon completely misses you.
Your system partially rejects the healing.
You feel much better. You block the tormentor's attack.
The tormentor closely misses you. You block the war gargoyle's attack.
You block the cacodemon's attack.
The cacodemon hits you but does no damage.
The hellephant blinks!
You block the gelid corrupter's attack.
The war gargoyle hits you with a +0 morningstar!
* * * LOW HITPOINT WARNING * * *
The tormentor misses you.
The tormentor hits you but does no damage.
The cacodemon hits you. x2
* * * LOW HITPOINT WARNING * * *
The war gargoyle hits you with a +2 dire flail of protection!
* * * LOW HITPOINT WARNING * * *
Okay, then.
You are a level 20 Deep Dwarf Fighter.
You are 96% of the way to level 21.
Play time: 00:25:30 (19866 turns) Unknown command.
You slash the tormentor!
You kill the tormentor!
Makhleb accepts your kill.
You feel better.
You closely miss the gelid corrupter. You slash the cacodemon!
You closely miss the cacodemon. You slice the war gargoyle!!
You hit the war gargoyle but do no damage.
The cacodemon gestures at you.
Strange energies course through your body.
Your vision blurs.
You block the war gargoyle's attack.
The gelid corrupter mumbles some strange prayers to Lugonu.
You feel frail. x2
A starcursed mass splits. x2
The war gargoyle hits you but does no damage.
The wretched star glows turbulently.
The lance of force hits you!!
* * * LOW HITPOINT WARNING * * *
You are knocked back by the lance of force.
You slam into the rock wall!
You don't have enough innate magic capacity.
You don't have enough innate magic capacity.
Okay, then.
Your system partially rejects the healing.
You feel much better.
A deafening chorus of shrieks assaults your mind!
* * * LOW HITPOINT WARNING * * *
You suddenly lose the ability to move!
The starcursed mass engulfs you!
* * * LOW HITPOINT WARNING * * *
You can move again.
Your system partially rejects the healing.
You feel much better.
The starcursed mass disappears in a puff of smoke! x2
The wretched star disappears in a puff of smoke!
The starcursed mass disappears in a puff of smoke! x3
The cacodemon barely misses you. You block the cacodemon's attack.
You slash the cacodemon!
The cacodemon is severely wounded.
You slash the war gargoyle! You completely miss the war gargoyle.
You slash the gelid corrupter!
The war gargoyle launches metal splinters at you.
The spray of metal splinters hits you!!
* * * LOW HITPOINT WARNING * * *
The war gargoyle hits you with a +2 dire flail of protection.
You die...

......#.#≈≈≈≈≈≈...####..........#
......#.#≈≈≈≈≈≈.................#
......#.#≈≈≈≈.≈.................#
......#.#≈≈≈≈≈..................#
......#.#≈≈≈≈≈....####.#........#
......#'##≈≈≈≈≈..######..........
.........###≈≈≈#.................
.....###'#.######§§..............
.....#...#......@6§..............
.....#...'.....992§§...#.........
.....#...#.......2.§§.......###..
.....#...#.......§..§.....#...###
.....#...#........§.......#......
.....#...#...###...#......#......
..<..#####...# ...#####Y..#......
.............#.#### #...#......
.............## #...#######


You could see a hellephant, 2 cacodemons, a gelid corrupter and 2 war gargoyles.

Vanquished Creatures
  the Royal Jelly (Slime:5)
  2 orbs of fire (Zot:5)
  3 ancient liches (Zot:5)
  2 Killer Klowns (Zot:5)
  A curse toe (Zot:5)
  3 golden dragons
  2 bone dragons (Depths:5)
  6 tentacled monstrosities
  An electric golem (Zot:5)
  16 Orb Guardians (Zot:5)
  12 acid blobs
  2 quicksilver dragons
  2 death cobs (Zot:1)
  Frances (Spider:1)
  5 storm dragons
  2 thorn hunters (Depths:4)
  10 azure jellies
  A shadow dragon (Zot:5)
  2 draconian monks
  3 fire giants
  A draconian knight (Depths:5)
  2 ghost moths (Spider:4)
  A frost giant (D:15)
  4 draconian scorchers
  2 draconian shifters (Zot:1)
  2 emperor scorpions (Spider:4)
  A draconian stormcaller (Zot:3)
  3 stone giants
  6 very ugly things
  2 draconian annihilators
  A vampire knight (Depths:2)
  A yellow draconian (Zot:4)
  An entropy weaver (Spider:4)
  5 spark wasps
  Azrael (D:13)
  4 white draconians
  3 green draconians
  3 red draconians
  5 purple draconians
  2 black draconians
  3 death oozes (Slime:5)
  3 ettins (Depths:5)
  3 fire dragons
  Harold (Lair:1)
  Fannar (Lair:1)
  A jiangshi (Depths:5)
  3 yaktaur captains (Depths:5)
  12 hydras
  A rakshasa (Depths:4)
  3 great orbs of eyes
  3 ice dragons
  2 spriggan air magi
  2 shambling mangroves
  A catoblepas (D:15)
  Erica (D:11)
  2 ghost crabs
  A merfolk avatar (Lair:6)
  A death knight (D:12)
  2 dancing weapons (D:13)
  2 centaur warriors (D:15)
  2 two-headed ogres
  4 alligators
  2 deep troll shamans (Depths:4)
  9 death yaks
  A tengu warrior (Depths:4)
  2 vampire magi (Depths:5)
  A spriggan berserker (Depths:4)
  A hell knight (Depths:1)
  An iron troll (Depths:4)
  A spark wasp zombie (Depths:4)
  A skeletal warrior (D:12)
  8 deep trolls (Depths:4)
  A flayed ghost (Depths:5)
  A glowing orange brain (Slime:5)
  2 spriggan druids
  2 phantasmal warriors
  3 swamp dragons
  2 large abominations (Gauntlet)
  A lindwurm (shapeshifter) (D:13)
  A necromancer (Depths:4)
  2 shining eyes (Slime:5)
  An orc knight (D:15)
  6 orb spiders (Spider:4)
  4 cyclopes
  4 deep elf magi
  An orc sorcerer (D:15)
  22 ugly things
  7 moths of wrath
  A wolf spider (shapeshifter) (Depths:1)
  2 manticores
  10 wolf spiders
  A fire giant skeleton (Depths:4)
  A centaur zombie (D:15)
  4 black mambas
  19 elephants
  2 ice statues (IceCv)
  Joseph (D:8)
  An eye of devastation (Slime:4)
  16 spiny frogs
  6 yaktaurs
  A freezing wraith (D:12)
  Maggie (Lair:1)
  4 rime drakes
  2 kobold demonologists
  2 ice devils (Lair:5)
  2 demonic crawlers
  4 swamp worm zombies (Swamp:4)
  A tormentor (D:10)
  9 komodo dragons
  2 hydra zombies (Swamp:4)
  4 trolls
  3 meliai (D:12)
  A queen bee (Lair:1)
  3 polar bears (Lair:6)
  17 jumping spiders
  A wind drake (shapeshifter) (D:13)
  An alligator zombie (Swamp:4)
  A wind drake (Lair:6)
  5 hornets
  2 spectral swamp dragons (Swamp:4)
  3 tyrant leeches
  Grinder (D:3)
  58 slime creatures
  5 blink frogs (Swamp:3)
  3 bog bodies
  5 dream sheep (Lair:6)
  A centaur simulacrum (D:14)
  9 hippogriffs
  A spriggan (shapeshifter) (Depths:5)
  4 shadows
  51 yaks
  5 spriggans
  A wraith (D:12)
  6 water elementals
  2 vampires
  27 redbacks
  4 wyverns
  4 fire elementals
  6 tarantellas (Spider:4)
  A human (shapeshifter) (Depths:1)
  5 fire bats (Lair:5)
  2 basilisks
  2 hungry ghosts
  11 vampire mosquitoes
  A warg (D:15)
  Menkaure (D:7)
  12 insubstantial wisps (Swamp:4)
  A human zombie (Depths:4)
  6 swamp worms
  6 porcupines
  3 hell hounds (D:13)
  An acid dragon (D:15)
  17 water moccasins
  6 swamp drakes
  2 swamp dragon zombies (Swamp:4)
  10 orc warriors
  A sky beast (D:12)
  2 black bears
  A hornet zombie (D:9)
  6 eyes of draining
  5 phantoms
  18 ice beasts
  5 wolves
  4 boggarts (D:15)
  4 ogres
  16 centaurs
  9 crocodiles
  2 big kobolds
  6 small abominations (Gauntlet)
  12 bullfrogs
  A water moccasin skeleton (D:4)
  A scorpion (D:9)
  31 killer bees
  An electric eel (Lair:6)
  7 jellies
  5 crimson imps
  2 bullfrog zombies (D:8)
  6 hounds
  2 quasits (D:12)
  5 bullfrog skeletons
  5 orc priests
  7 orc wizards
  2 centaur skeletons
  5 iguanas
  An iron imp (D:9)
  Terence (D:2)
  2 spectral swamp drakes (Swamp:4)
  14 worker ants
  3 hound skeletons
  A worker ant zombie (D:5)
  A howler monkey skeleton (D:4)
  9 adders
  3 gnolls (D:6)
  3 shadow imps
  5 oozes (D:8)
  2 adder skeletons
  4 worms
  2 dart slugs
  3 leopard geckos
  56 orcs
  6 bats
  6 giant cockroaches
  8 goblins
  4 hobgoblins
  11 jackals
  15 kobolds
  5 quokkas
  A ball python (D:1)
  6 frilled lizards
  2 leopard gecko skeletons (D:4)
  A rat (D:1)
  5 briar patches (Depths:4)
  5 fungi
  2 plants
1039 creatures vanquished.

Vanquished Creatures (collateral kills)
  An ancient lich (Zot:5)
  A bone dragon (Swamp:4)
  5 Orb Guardians (Zot:5)
  A quicksilver dragon (Zot:5)
  2 thorn hunters (Swamp:4)
  A sphinx (Depths:1)
  A frost giant (Zot:5)
  An emperor scorpion (Spider:4)
  A ghost moth (Spider:4)
  A fire giant (Depths:5)
  Aizul (Swamp:2)
  A juggernaut zombie (Depths:4)
  2 draconian annihilators (Zot:4)
  A very ugly thing (Depths:5)
  A stone giant (Depths:5)
  A white draconian (Zot:4)
  2 spark wasps (Depths:1)
  A minotaur (Gauntlet)
  A purple draconian (Zot:2)
  A yellow draconian (Zot:4)
  A fire dragon (Depths:4)
  A yaktaur captain (Depths:5)
  3 hydras
  A jiangshi (Depths:5)
  An ice dragon (Depths:5)
  A rakshasa (Depths:1)
  A two-headed ogre (D:15)
  2 death yaks (Lair:6)
  5 hell knights (Depths:1)
  A sea snake (Lair:6)
  A death drake (Swamp:4)
  3 swamp dragons
  4 spectral hydras (Swamp:4)
  An orc knight (D:15)
  4 orb spiders (Spider:4)
  7 wolf spiders
  2 phantasmal warriors (Swamp:4)
  5 ugly things (Depths:1)
  A harpy (Lair:6)
  A shining eye (Slime:1)
  A manticore (Lair:6)
  A deep elf mage (D:15)
  A cyclops (D:15)
  2 moths of wrath
  An elephant (Lair:6)
  An efreet (D:15)
  A rime drake (Lair:6)
  A kobold demonologist (D:15)
  A centaur skeleton (D:15)
  2 tengu conjurers (D:15)
  2 hydra zombies (Swamp:4)
  A demonic crawler (Spider:1)
  A tyrant leech (Swamp:2)
  11 jumping spiders (Spider:4)
  A hornet (Lair:6)
  2 bog bodies (Swamp:4)
  A dream sheep (Lair:6)
  6 slime creatures
  An alligator zombie (Swamp:4)
  26 redbacks
  8 tarantellas (Spider:4)
  A wraith (D:15)
  A yak (Lair:6)
  A vampire mosquito (Swamp:4)
  5 insubstantial wisps (Swamp:4)
  A soldier ant (shapeshifter) (D:15)
  A water moccasin (Lair:6)
  2 swamp drakes (Swamp:4)
  A hornet zombie (D:15)
  An orc warrior (D:15)
  5 phantoms (Swamp:4)
  A swamp dragon zombie (Swamp:4)
  A wolf (Lair:6)
  A crocodile (Lair:6)
  A bullfrog (D:15)
  A shadow imp (D:15)
  An orc (D:15)
  A briar patch (Depths:4)
  2 plants
173 creatures vanquished.

Vanquished Creatures (others)
  A white draconian (Zot:4)
  A jiangshi (Depths:5)
  A hydra (Swamp:3)
  A hornet (Swamp:4)
  A jumping spider (Spider:4)
  3 vampire mosquitoes (Swamp:4)
  A swamp worm (Swamp:4)
  A phantom (Swamp:4)
  A boggart (D:15)
  3 briar patches (Swamp:4)
  7 fungi
  9 plants
  3 toadstools (D:15)
33 creatures vanquished.

Grand Total: 1245 creatures vanquished

Notes
Turn   | Place    | Note
-------+----------+-------------------------------------------
     0 | D:1      | EnegeticOcto the Deep Dwarf Fighter began the quest for the
                  | Orb.
     0 | D:1      | Reached XP level 1. HP: 20/20 MP: 1/1
    24 | D:1      | Reached XP level 2. HP: 27/27 MP: 2/2
   299 | D:2      | Reached XP level 3. HP: 27/34 MP: 3/3
   320 | D:2      | Noticed Terence
   336 | D:2      | Killed Terence
   336 | D:2      | Reached skill level 1 in Dodging
   462 | D:3      | Reached XP level 4. HP: 42/42 MP: 4/4
   506 | D:3      | Noticed Grinder
   532 | D:3      | Paralysed by Grinder for 5 turns
   542 | D:3      | Killed Grinder
   542 | D:3      | Reached XP level 5. HP: 33/50 MP: 5/5
   542 | D:3      | Reached XP level 6. HP: 37/57 MP: 6/6
  1265 | D:3      | You fall into a shaft and drop 1 floor!
  1410 | D:4      | You fall into a shaft and drop 3 floors!
  1478 | D:7      | Reached XP level 7. HP: 41/66 MP: 7/7
  1493 | D:7      | Found a staircase to the Ecumenical Temple.
  1513 | Temple   | Entered the Ecumenical Temple
  1520 | Temple   | Reached skill level 5 in Axes
  1575 | Temple   | Became a worshipper of Makhleb the Destroyer
  1659 | D:7      | Noticed Menkaure
  1665 | D:7      | Killed Menkaure
  1665 | D:7      | Reached skill level 5 in Fighting
  1665 | D:7      | Reached skill level 1 in Invocations
  1672 | D:7      | Reached skill level 5 in Armour
  1672 | D:7      | Reached skill level 2 in Invocations
  1763 | D:6      | Reached XP level 8. HP: 30/74 MP: 9/9
  1813 | D:6      | Reached skill level 5 in Shields
  1815 | D:6      | Reached skill level 3 in Invocations
  1850 | D:5      | Entered Level 5 of the Dungeon
  1882 | D:5      | Got a slimy helmet
  1899 | D:5      | Identified the +1 helmet of Tenacity {rC++ MR- SInv} (You
                  | found it on level 5 of the Dungeon)
  2139 | D:4      | Reached * piety under Makhleb
  2368 | D:4      | Found a shimmering altar of Xom.
  2369 | D:4      | Found a shimmering altar of Xom.
  2369 | D:4      | Found a shimmering altar of Xom.
  2369 | D:4      | Found a shimmering altar of Xom.
  2370 | D:4      | Found a shimmering altar of Xom.
  2371 | D:4      | Found a shimmering altar of Xom.
  2375 | D:4      | Reached skill level 4 in Invocations
  2949 | D:6      | Found Famal's Antique Weapon Emporium.
  3453 | D:7      | Found Utosu's Antique Armour Emporium.
  3685 | D:8      | Gained mutation: You passively map the area around you.
                  | [Deep Dwarf growth]
  3685 | D:8      | Reached XP level 9. HP: 59/82 MP: 12/12
  3714 | D:8      | Reached skill level 5 in Invocations
  3717 | D:8      | Reached ** piety under Makhleb
  3762 | D:8      | Noticed Joseph
  3783 | D:8      | Killed Joseph
  3900 | D:8      | Reached skill level 6 in Invocations
  3987 | D:8      | Found a staircase to the Lair.
  4142 | D:8      | Reached skill level 5 in Dodging
  4353 | D:9      | Reached skill level 7 in Invocations
  4365 | D:9      | Reached *** piety under Makhleb
  4415 | D:9      | Found a shimmering altar of Xom.
  4510 | D:9      | Found a snail-covered altar of Cheibriados.
  4600 | D:9      | Found a radiant altar of Vehumet.
  4740 | D:10     | Entered Level 10 of the Dungeon
  4744 | D:10     | Reached XP level 10. HP: 94/94 MP: 15/15
  4876 | D:10     | Found a staircase to the Orcish Mines.
  4876 | D:10     | Found Ilotatab's Armour Emporium.
  5146 | D:10     | Reached **** piety under Makhleb
  5323 | D:10     | Found a runed translucent gate.
  5323 | D:10     | Found a runed translucent gate.
  5324 | D:10     | Noticed Olaograe's ghost (novice GnWn)
  5327 | D:10     | Found a runed translucent gate.
  5427 | D:11     | Noticed a two-headed ogre
  5431 | D:11     | Reached skill level 8 in Invocations
  5440 | D:11     | Killed a two-headed ogre
  5617 | D:11     | Noticed a manticore
  5634 | D:11     | Killed a manticore
  5641 | D:11     | Noticed Erica
  5662 | D:11     | Killed Erica
  5662 | D:11     | Reached skill level 9 in Invocations
  5729 | D:11     | Noticed a seven-headed hydra
  5738 | D:11     | Killed a one-headed hydra
  5738 | D:11     | Reached XP level 11. HP: 88/103 MP: 16/16
  5781 | D:11     | Noticed a six-headed hydra
  5792 | D:11     | Killed a one-headed hydra
  6184 | D:12     | Noticed a death knight
  6184 | D:12     | Noticed a phantasmal warrior
  6184 | D:12     | Noticed a skeletal warrior
  6204 | D:12     | Killed a skeletal warrior
  6225 | D:12     | Killed a phantasmal warrior
  6239 | D:12     | Killed a death knight
  6239 | D:12     | Reached skill level 10 in Axes
  6239 | D:12     | Reached skill level 10 in Invocations
  6287 | D:12     | Noticed a green ugly thing
  6299 | D:12     | Killed a green ugly thing
  6350 | D:12     | Noticed a deep elf mage
  6350 | D:12     | Noticed a deep elf mage
  6355 | D:12     | Killed a deep elf mage
  6363 | D:12     | Killed a deep elf mage
  6384 | D:12     | Noticed a wolf spider
  6402 | D:12     | Killed a wolf spider
  6451 | D:12     | Noticed an eight-headed hydra
  6461 | D:12     | Killed a two-headed hydra
  6461 | D:12     | Reached XP level 12. HP: 80/114 MP: 13/13
  6467 | D:12     | Reached skill level 11 in Invocations
  6588 | D:12     | Noticed a seven-headed hydra
  6602 | D:12     | Killed a two-headed hydra
  6624 | D:12     | Reached ***** piety under Makhleb
  6843 | D:12     | Noticed a two-headed ogre
  6867 | D:12     | Killed a two-headed ogre
  6897 | D:12     | Got a fine helmet
  6908 | D:12     | Identified the +0 helmet of the Endless Expanse {rPois
                  | Str+2 Int+2} (You found it on level 12 of the Dungeon)
  6919 | D:12     | Identified a scroll of acquirement
  7030 | D:12     | Reached skill level 12 in Invocations
  7087 | D:12     | Reached skill level 10 in Fighting
  7588 | D:13     | Noticed Azrael
  7636 | D:13     | Killed Azrael
  7636 | D:13     | Reached XP level 13. HP: 123/123 MP: 11/11
  7823 | D:13     | Found a roughly hewn altar of Beogh.
  7935 | D:13     | Found a gate to the Vaults.
  8404 | Lair:1   | Entered Level 1 of the Lair of Beasts
  8407 | Lair:1   | Noticed Fannar
  8430 | Lair:1   | Killed Fannar
  8489 | Lair:1   | Noticed Maggie
  8499 | Lair:1   | Killed Maggie
  8588 | Lair:1   | Reached skill level 13 in Invocations
  8717 | Lair:1   | Reached ****** piety under Makhleb
  8730 | Lair:1   | Reached skill level 10 in Shields
  8989 | Lair:1   | Noticed Harold
  8999 | Lair:1   | Killed Harold
  9000 | Lair:1   | Identified the +3 hat "Fenyg" {rC+} (You acquired it on
                  | level 1 of the Lair of Beasts)
 10428 | Lair:3   | Gained mutation: You resist negative energy. (rN+) [Deep
                  | Dwarf growth]
 10428 | Lair:3   | Reached XP level 14. HP: 135/135 MP: 11/11
 10623 | Lair:3   | Found a hole to the Spider Nest.
 10813 | Lair:3   | Reached skill level 14 in Invocations
 10828 | Lair:3   | Reached skill level 10 in Armour
 11170 | Lair:4   | Found a staircase to the Swamp.
 11282 | Lair:4   | You fall into a shaft and drop 2 floors!
 11282 | Lair:6   | Entered Level 6 of the Lair of Beasts
 11516 | Lair:6   | Found a gate leading to a gauntlet.
 11536 | Gauntlet | Entered a Gauntlet
 11536 | Gauntlet | Found a transporter.
 11539 | Gauntlet | Found a transporter.
 11554 | Gauntlet | Found a transporter.
 11558 | Gauntlet | Found a transporter.
 11578 | Gauntlet | Found a transporter.
 11591 | Gauntlet | Found a transporter.
 11604 | Gauntlet | Found a transporter.
 11621 | Gauntlet | Found a transporter.
 11625 | Gauntlet | Found a transporter.
 11636 | Gauntlet | Found a transporter.
 11652 | Gauntlet | Found a transporter.
 11656 | Gauntlet | Found a transporter.
 11738 | Gauntlet | Got a smoking cloak
 11744 | Gauntlet | Identified the cursed +0 cloak of the Modern Tables {Dex+5}
                  | (You found it in a Gauntlet)
 12110 | Lair:6   | Reached skill level 15 in Invocations
 12875 | Lair:5   | Found a viscous altar of Jiyva.
 12879 | Lair:5   | Reached XP level 15. HP: 144/144 MP: 13/13
 12882 | Lair:5   | Found a staircase to the Slime Pits.
 12927 | Lair:5   | Found a frozen archway.
 12960 | IceCv    | Entered an ice cave
 13074 | IceCv    | Found the ring of Phasing {EV+8}
 13116 | IceCv    | Got a coiled tin ring
 13124 | IceCv    | Got a slimy brass ring
 13295 | Lair:5   | Identified the ring "Sikase" {Fire +Inv rN+ Str+5} (You
                  | found it in an ice cave)
 13296 | Lair:5   | Identified the ring of Beogh's Whim {Wiz rElec rC- Dex+4}
                  | (You found it in an ice cave)
 14396 | Swamp:1  | Entered Level 1 of the Swamp
 14431 | Swamp:2  | Noticed Aizul
 14451 | Swamp:2  | Killed Aizul
 14558 | Swamp:3  | Identified the ring "Buiceomi" {rF+ rC- rN+ SInv} (You
                  | acquired it on level 3 of the Swamp)
 14662 | Swamp:4  | Entered Level 4 of the Swamp
 14682 | Swamp:4  | Noticed a thorn hunter
 14695 | Swamp:4  | Killed a thorn hunter
 14814 | Swamp:4  | Reached skill level 16 in Invocations
 15099 | Swamp:4  | Noticed a bone dragon
 15100 | Swamp:4  | Noticed a thorn hunter
 15119 | Swamp:4  | Killed a thorn hunter
 15137 | Swamp:4  | Killed a bone dragon
 15176 | Swamp:4  | Got a decaying rune of Zot
 15480 | Spider:1 | Entered Level 1 of the Spider Nest
 15480 | Spider:1 | Noticed Frances
 15494 | Spider:1 | Killed Frances
 15574 | Spider:1 | Reached XP level 16. HP: 153/153 MP: 13/13
 15604 | Spider:2 | Reached skill level 15 in Axes
 15673 | Spider:4 | Entered Level 4 of the Spider Nest
 15857 | Spider:4 | Reached skill level 17 in Invocations
 15911 | Spider:4 | Got a gossamer rune of Zot
 16145 | Slime:1  | Entered Level 1 of the Pits of Slime
 16156 | Slime:1  | Noticed an acid blob
 16162 | Slime:1  | Noticed an acid blob
 16171 | Slime:1  | Killed an acid blob
 16171 | Slime:1  | Killed an acid blob
 16217 | Slime:2  | Noticed an acid blob
 16239 | Slime:2  | Killed an acid blob
 16344 | Slime:5  | Entered Level 5 of the Pits of Slime
 16363 | Slime:5  | Noticed an acid blob
 16375 | Slime:5  | Killed an acid blob
 16408 | Slime:5  | Noticed the Royal Jelly
 16422 | Slime:5  | Noticed an acid blob
 16422 | Slime:5  | Noticed an acid blob
 16425 | Slime:5  | Killed the Royal Jelly
 16425 | Slime:5  | Reached XP level 17. HP: 149/165 MP: 8/13
 16425 | Slime:5  | Noticed an acid blob
 16425 | Slime:5  | Noticed an acid blob
 16429 | Slime:5  | Killed an acid blob
 16432 | Slime:5  | Killed an acid blob
 16434 | Slime:5  | Killed an acid blob
 16434 | Slime:5  | Noticed an acid blob
 16436 | Slime:5  | Killed an acid blob
 16440 | Slime:5  | Noticed an acid blob
 16440 | Slime:5  | Noticed an acid blob
 16445 | Slime:5  | Killed an acid blob
 16450 | Slime:5  | Killed an acid blob
 16452 | Slime:5  | Killed an acid blob
 16464 | Slime:5  | Found the +5 robe of Night {Dark MR+ SInv}
 16474 | Slime:5  | Reached skill level 18 in Invocations
 16538 | Slime:5  | Noticed an acid blob
 16549 | Slime:5  | Killed an acid blob
 16654 | Slime:5  | Found the cursed +14 obsidian axe {vorpal, +Fly SInv
                  | *Curse}
 16689 | Slime:5  | Got a faintly glowing amethyst amulet
 16691 | Slime:5  | Got a slimy rune of Zot
 16725 | Slime:5  | Identified the amulet "Maorchy" {Faith MR++ Str+2} (You
                  | found it on level 5 of the Pits of Slime)
 17100 | D:15     | Entered Level 15 of the Dungeon
 17310 | D:15     | Found Yveax's Antique Armour Shop.
 17549 | D:15     | Found a staircase to the Depths.
 17569 | Depths:1 | Entered Level 1 of the Depths
 17569 | Depths:1 | Found Nyfif's Mass Market.
 17585 | Depths:1 | Reached skill level 15 in Shields
 17830 | Depths:4 | Gained mutation: You passively map a large area around you.
                  | [Deep Dwarf growth]
 17830 | Depths:4 | Reached XP level 18. HP: 160/176 MP: 14/14
 17846 | Depths:4 | Noticed a tentacled monstrosity
 17855 | Depths:4 | Killed a tentacled monstrosity
 17974 | Depths:4 | Reached skill level 19 in Invocations
 18036 | Depths:4 | Found a gateway to a bazaar.
 18088 | Bazaar   | Entered a bazaar
 18090 | Bazaar   | Found Rycogyej's Magic Scroll Boutique.
 18094 | Bazaar   | Bought a scroll of fog for 18 gold pieces
 18094 | Bazaar   | Bought a scroll of enchant armour for 67 gold pieces
 18094 | Bazaar   | Bought a scroll of enchant armour for 67 gold pieces
 18094 | Bazaar   | Bought a scroll of magic mapping for 31 gold pieces
 18094 | Bazaar   | Found Bimeulek's Distillery.
 18094 | Bazaar   | Found Hoawaqu's Gadget Boutique.
 18095 | Bazaar   | Found Manwikue's Gadget Boutique.
 18105 | Bazaar   | Bought a potion of heal wounds for 40 gold pieces
 18105 | Bazaar   | Bought a potion of haste for 80 gold pieces
 18105 | Bazaar   | Bought a potion of heal wounds for 40 gold pieces
 18105 | Bazaar   | Bought a potion of invisibility for 64 gold pieces
 18105 | Bazaar   | Bought a potion of heal wounds for 40 gold pieces
 18105 | Bazaar   | Bought a potion of resistance for 80 gold pieces
 18132 | Depths:5 | Entered Level 5 of the Depths
 18179 | Depths:5 | Noticed a tentacled monstrosity
 18180 | Depths:5 | Found a gateway to Hell.
 18186 | Depths:5 | Killed a tentacled monstrosity
 18285 | Depths:5 | Reached skill level 15 in Fighting
 18446 | Depths:5 | Found a gate to the Realm of Zot.
 18446 | Depths:5 | Noticed a bone dragon
 18462 | Depths:5 | Killed a bone dragon
 18489 | Depths:5 | Noticed a bone dragon
 18504 | Depths:5 | Killed a bone dragon
 18577 | Depths:5 | Found a portal to a secret trove of treasure.
 18631 | Zot:1    | Entered Level 1 of the Realm of Zot
 18631 | Zot:1    | Noticed a tentacled monstrosity
 18631 | Zot:1    | Noticed a tentacled monstrosity
 18631 | Zot:1    | Noticed an orb of fire
 18631 | Zot:1    | Noticed a golden dragon
 18631 | Zot:1    | Noticed a tentacled monstrosity
 18640 | Zot:1    | Killed a tentacled monstrosity
 18640 | Zot:1    | Reached XP level 19. HP: 128/186 MP: 15/15
 18645 | Zot:1    | Killed a golden dragon
 18815 | Zot:1    | Noticed a golden dragon
 18847 | Zot:1    | Killed a golden dragon
 18847 | Zot:1    | Reached skill level 20 in Invocations
 18947 | Zot:3    | Noticed a golden dragon
 18969 | Zot:3    | Killed a golden dragon
 19071 | Zot:5    | Entered Level 5 of the Realm of Zot
 19134 | Zot:5    | Noticed a curse toe
 19145 | Zot:5    | Killed a curse toe
 19222 | Zot:5    | Noticed a Killer Klown
 19228 | Zot:5    | Noticed an ancient lich
 19230 | Zot:5    | Noticed an electric golem
 19230 | Zot:5    | Noticed a Killer Klown
 19232 | Zot:5    | Noticed an orb of fire
 19234 | Zot:5    | Noticed an ancient lich
 19235 | Zot:5    | Reached XP level 20. HP: 189/196 MP: 10/10
 19237 | Zot:5    | Noticed an ancient lich
 19241 | Zot:5    | Noticed an ancient lich
 19242 | Zot:5    | Gained mutation: [You are clumsy. (Dex -2)] [an orb of
                  | fire]
 19243 | Zot:5    | Killed a Killer Klown
 19245 | Zot:5    | Gained mutation: You tend to lose your temper in combat.
                  | [an orb of fire]
 19250 | Zot:5    | Killed an ancient lich
 19256 | Zot:5    | Killed an ancient lich
 19258 | Zot:5    | Killed an orb of fire
 19258 | Zot:5    | Reached skill level 21 in Invocations
 19258 | Zot:5    | Killed an ancient lich
 19258 | Zot:5    | Noticed a Killer Klown
 19268 | Zot:5    | Gained mutation: [Your spells are a little easier to cast,
                  | but a little less powerful.] [the power of Zot]
 19268 | Zot:5    | Gained mutation: [You are frail. (-10% HP)] [the power of
                  | Zot]
 19272 | Zot:5    | Noticed an ancient lich
 19275 | Zot:5    | Noticed an orb of fire
 19291 | Zot:5    | Killed an orb of fire
 19292 | Zot:5    | Killed a Killer Klown
 19293 | Zot:5    | Noticed an orb of fire
 19294 | Zot:5    | Killed an ancient lich
 19302 | Zot:5    | Noticed a Killer Klown
 19357 | Zot:5    | Got the Orb of Zot
 19388 | Zot:5    | Gained mutation: You have a pair of small antennae on your
                  | head. [an orb of fire]
 19525 | Depths:5 | Noticed Icvoopt the pandemonium lord
 19698 | D:15     | Noticed a seraph
 19810 | D:10     | Noticed Biwnuabb the pandemonium lord
 19866 | D:10     | Gained mutation: Scrolls take you a little longer to read.
                  | [a cacodemon]
 19867 | D:10     | Paralysed by accursed screaming for 1 turns
 19869 | D:10     | HP: 2/139 [war gargoyle/spray of metal splinters[a gelid
                  | corrupter] (14)]
 19869 | D:10     | Slain by a war gargoyle

Levels and vault maps discovered:
D:1:      erik_arrival_blinker_ship, layout_rooms
D:2:      layout_basic, minmay_pentomino_v2, uniq_terence
D:3:      layout_loops_corners, first_ration, kennysheep_pointless_box,
          uniq_grinder
D:4:      layout_loops_cross, xom_redecorated
D:5:      layout_basic
D:6:      layout_basic, serial_shops, shop_statue, glass_columns_a
D:7:      layout_loops_cross, minmay_temple_entry_large_hall, serial_shops,
          nicolae_shop_overgrown_old_shop, uniq_menkaure
D:8:      layout_rooms, lair_entry_dummy, hangedman_little_slice_of_home,
          palyth_stone_intersect, minmay_manual_maat, uniq_joseph
D:9:      layout_cave_pools, slow_altar_1, hangedman_feature_mirror
D:10:     layout_irregular_city, orc_david_3, ebering_ghost_rock_garden,
          nicolae_underground_beach
D:11:     layout_irregular_city, uniq_erica
D:12:     minmay_the_grid_net [minmay_the_grid_gridbox,
          minmay_the_grid_minigrid_large, minmay_the_grid_tree,
          minmay_the_grid_paths, minmay_the_grid_broken_lines,
          minmay_the_grid_prize_big_room], layout_rooms
D:13:     layout_basic, erik_vaults_1, minmay_misc_feat_iff,
          chequers_serial_rivers_small_3, david_defended_altar_orc, uniq_azrael
D:14:     layout_grid_maze
D:15:     grunt_enter_depths_snipers, layout_rooms, serial_shops, shop,
          minmay_misc_feat_rows, minmay_gold_behind_fungi
Temple:   compressed_dpeg_triangle_lava_temple
Lair:1:   layout_roguey [special_room_bee], serial_bayou_shore_a, uniq_maggie,
          uniq_harold, uniq_fannar
Lair:2:   layout_regular_city, grunt_megastairs_3
Lair:3:   layout_small_grid, nicolae_spider_entry_tight_spaces,
          infiniplex_staircase_pool_2
Lair:4:   layout_gridlike, swamp_mist
Lair:5:   layout_gridlike, slime_altar_1, portal_ice_cave_demonic_guard,
          wad_woods_03, minmay_lair_oklob_chamber
Lair:6:   gammafunk_lair_ancient_temple, layout_cave_pods,
          gauntlet_entry_generic, serial_bayou_lake_a
Swamp:1:  layout_basic_swamp, evilmike_swamp_ruin_house_5
Swamp:2:  layout_falls_marsh, hangedman_swamp_lotus, swamp_pool1,
          nicolae_swamp_necromancer_hut, uniq_aizul
Swamp:3:  layout_basic_swamp, evilmike_swamp_ruin_rubble_1, swamp_pool2
Swamp:4:  swamp_pestilence, layout_basic_swamp, swamp_pool5,
          infiniplex_staircase_pool
Spider:1: layout_spider_delve, drop_trap, uniq_frances
Spider:2: layout_spider_delve, drop_trap, hangedman_spider_tarantella_strand
Spider:3: layout_spider_delve, guppyfry_spider_mini_1,
          nicolae_spider_cling_ruins
Spider:4: grunt_spider_rune_parallel
Slime:1:  layout_caves
Slime:2:  layout_caves
Slime:3:  layout_caves
Slime:4:  layout_caves, cheibrodos_slime_lost_civilization_4
Slime:5
Depths:1: layout_gridville, pf_coc_iceberg, minmay_holes, minmay_shop_mass,
          grunt_ministairs_1, minmay_tree_intersection, lemuel_flamethrower_3,
          minmay_shop_grove, grunt_megastairs_2
Depths:2: grunt_runaround [grunt_runaround_doors_1, grunt_runaround_doors_2,
          grunt_runaround_doors_3, grunt_runaround_doors_4,
          grunt_runaround_loot], hell_entry, uniq_bai_suzhen, uniq_nikola,
          uniq_mara
Depths:3: evilmike_lava_path, layout_cave_shapes, grunt_pan_entry_in_and_out,
          serial_bayou_ford_a, hell_entry
Depths:4: onia_ninara_swampy_vault, layout_basic, enter_ziggurat_d, abyss_entry,
          serial_shops, bzr_entry_islet, grunt_hell_entry_dis_grunt,
          minmay_misc_feat_room
Depths:5: grunt_crosshair, layout_basic, serial_bayou, serial_bayou_shore_b,
          serial_bayou_pond_a, serial_bayou_pond_e, serial_bayou_pond_d,
          enter_trove_1, hell_entry
Zot:1:    layout_basic, zot_minivault_6
Zot:2:    layout_onion, bh_zot_levy_curve, st_stairs_9, guppyfry_library_mini
Zot:3:    layout_concentric_octagons, skrybe_zot_glass_3
Zot:4:    layout_basic, st_large_dragon_hoard_4
Zot:5:    layout_misc_corridors, st_stairs_5

Skill      XL: |  1  2  3  4  5  6  7  8  9 10 11 12 13 14 15 16 17 18 19 20 |
---------------+-------------------------------------------------------------+-----
Fighting       | 3 4 5 6 7 8 9 10 11 12 13 14 15 16 | 16.7
Axes           | 3 4 5 6 8 9 10 11 12 13 14 16 17 18 19 | 19.3
Dodging        | 1 2 3 4 5 6 7 |  7.8
Armour         | 4 5 6 7 8 9 10 11 12 13 14 | 14.6
Shields        | 4 5 6 7 8 9 10 12 13 14 15 16 17 18 | 18.1
Invocations    | 2 4 7 9 10 12 13 15 16 17 18 19 20 21 | 21.6

Action                   |  1- 3 |  4- 6 |  7- 9 | 10-12 | 13-15 | 16-18 | 19-21 || total
-------------------------+-------+-------+-------+-------+-------+-------+-------++-------
Melee: War axe           |    85 |   100 |   413 |   649 |  1361 |   147 |       ||  2755
       Broad axe         |       |       |       |       |       |   747 |   360 ||  1107
Throw: Throwing net      |       |       |       |       |       |     1 |     2 ||     3
Invok: Lesser Servant of |       |       |       |     2 |    16 |    12 |       ||    30
       Greater Servant o |       |       |       |       |     3 |     8 |     4 ||    15
 Abil: Heal Wounds       |     1 |     2 |     4 |    36 |    18 |    11 |    43 ||   115
Evoke: Wand              |       |       |       |       |     2 |     1 |     3 ||     6
  Use: Scroll            |       |       |    19 |     9 |    12 |    16 |     8 ||    64
       Potion            |       |       |       |     1 |     2 |     4 |    13 ||    20
 Stab: Sleeping          |       |       |       |       |     4 |     2 |       ||     6
       Distracted        |       |       |       |       |     7 |    11 |    10 ||    28
       Confused          |       |       |       |       |     4 |       |     5 ||     9
       Invisible         |       |       |       |       |       |     4 |     3 ||     7
  Eat: Chunk             |       |    11 |    12 |    14 |    26 |     1 |     2 ||    66
       Ration            |       |       |       |       |       |     3 |     2 ||     5
Armor: Scale mail        |    53 |       |       |       |       |       |       ||    53
       Chain mail        |     3 |    45 |   189 |   343 |   653 |   269 |     1 ||  1503
       Gold dragon scale |       |       |       |       |       |       |   119 ||   119
Dodge: Dodged            |    33 |    27 |   107 |   250 |   650 |   469 |   147 ||  1683
Block: Kite shield       |    73 |    43 |   248 |   398 |       |       |       ||   762
       Tower shield      |       |       |       |   148 |  1648 |  1040 |   421 ||  3257

Table legend:
 A = Non-vault XP
 B = Vault XP
 C = Vault XP percentage of total XP
 D = Non-vault monster count
 E = Vault monster count
 F = Vault count percentage of total count
                 A         B        C        D         E       F
            +---------+---------+-------+---------+---------+-------
      Total |  317663 |  263444 |  45.3 |     831 |     361 |  30.3
            +---------+---------+-------+---------+---------+-------
        D:1 |      35 |       0 |   0.0 |      21 |       0 |   0.0
        D:2 |      10 |      36 |  78.3 |       5 |       1 |  16.7
        D:3 |      84 |     267 |  76.1 |      19 |       1 |   5.0
        D:4 |     549 |       0 |   0.0 |      28 |       0 |   0.0
        D:5 |     353 |       0 |   0.0 |      24 |       0 |   0.0
        D:6 |     561 |       0 |   0.0 |      13 |       0 |   0.0
        D:7 |     341 |     172 |  33.5 |       5 |       1 |  16.7
        D:8 |    1036 |    1201 |  53.7 |      26 |      14 |  35.0
        D:9 |     596 |      39 |   6.1 |      19 |       1 |   5.0
       D:10 |     760 |    1108 |  59.3 |      18 |       8 |  30.8
       D:11 |    4844 |     923 |  16.0 |      25 |       1 |   3.8
       D:12 |   15492 |    6678 |  30.1 |      79 |      23 |  22.5
       D:13 |    5458 |    4241 |  43.7 |      23 |      12 |  34.3
       D:14 |    1130 |       0 |   0.0 |       4 |       0 |   0.0
       D:15 |   12968 |    2351 |  15.3 |      51 |       3 |   5.6
     Temple |     237 |       0 |   0.0 |       2 |       0 |   0.0
     Lair:1 |    1947 |    4327 |  69.0 |       7 |      29 |  80.6
     Lair:2 |    3684 |    1015 |  21.6 |      19 |       1 |   5.0
     Lair:3 |   10538 |    1913 |  15.4 |      31 |       8 |  20.5
     Lair:4 |    3721 |       0 |   0.0 |      13 |       0 |   0.0
     Lair:5 |    6507 |     676 |   9.4 |      24 |       2 |   7.7
     Lair:6 |   16364 |    8179 |  33.3 |      47 |      26 |  35.6
    Swamp:1 |    2064 |       0 |   0.0 |       7 |       0 |   0.0
    Swamp:2 |     584 |    1293 |  68.9 |       3 |       1 |  25.0
    Swamp:3 |    9356 |       0 |   0.0 |      21 |       0 |   0.0
    Swamp:4 |   12593 |   11434 |  47.6 |      37 |      45 |  54.9
   Spider:1 |    2431 |    1259 |  34.1 |       9 |       1 |  10.0
   Spider:2 |     683 |       0 |   0.0 |       3 |       0 |   0.0
   Spider:3 |    2699 |    1280 |  32.2 |      10 |       5 |  33.3
   Spider:4 |   11894 |   19317 |  61.9 |      43 |      56 |  56.6
    Slime:1 |    7232 |       0 |   0.0 |       9 |       0 |   0.0
    Slime:2 |    7128 |       0 |   0.0 |       6 |       0 |   0.0
    Slime:3 |    1025 |       0 |   0.0 |       1 |       0 |   0.0
    Slime:4 |    3056 |       0 |   0.0 |      11 |       0 |   0.0
    Slime:5 |   10192 |   23705 |  69.9 |      31 |      12 |  27.9
   Depths:1 |   23904 |    2133 |   8.2 |      30 |       6 |  16.7
   Depths:2 |     595 |    4017 |  87.1 |       1 |       7 |  87.5
   Depths:4 |   20797 |   12092 |  36.8 |      24 |      16 |  40.0
   Depths:5 |   32119 |   21648 |  40.3 |      33 |      15 |  31.2
      Zot:1 |   26116 |    6292 |  19.4 |      16 |       5 |  23.8
      Zot:2 |    6172 |       0 |   0.0 |       4 |       0 |   0.0
      Zot:3 |   19536 |       0 |   0.0 |      10 |       0 |   0.0
      Zot:4 |   12770 |       0 |   0.0 |      10 |       0 |   0.0
      Zot:5 |   17502 |  117189 |  87.0 |       9 |      31 |  77.5
      IceCv |       0 |    5448 | 100.0 |       0 |      20 | 100.0
   Gauntlet |       0 |    3211 | 100.0 |       0 |      10 | 100.0
            +---------+---------+-------+---------+---------+-------
